 Dungeon Crawl Stone Soup version 0.30-b1-2-g02819fbbbe (webtiles) character file.

Game seed: 15742945795347602944

195534 Megalobster the Axe Maniac (level 17, -6/256 (258) HPs)
             Began as a Minotaur Berserker on Dec 28, 2023.
             Was a High Priest of Trog.
             Mangled by a starcursed mass (7 damage)
             ... while paralysed by accursed screaming
             ... on level 6 of the Abyss.
             The game lasted 02:39:47 (37454 turns).

Megalobster the Axe Maniac (Minotaur Berserker)    Turns: 37454, Time: 02:39:48

HP:   -6/256 (258)  AC: 22    Str: 29    XL:     17   Next: 71%
MP:   0/5           EV:  2    Int:  4    God:    Trog [*****.]
Gold: 1639          SH:  0    Dex: 14    Spells: 16/16 levels left

rFire   + . .        a - +6 battleaxe (antimagic)
rCold   + . .        (shield currently unavailable)
rNeg    . . .        X - +0 swamp dragon scales
rPois   +            H - +1 hat
rElec   +            x - +2 cloak
rCorr   +            E - +2 pair of gloves {Dex+3}
SInv    .            P - +1 pair of boots
Will    +++..        d - amulet of guardian spirit Stlth
                     o - +5 ring of evasion
HPRegen 1.00/turn    G - ring of resist corrosion
MPRegen 0.09/turn

%: guardian spirit
@: paralysed, mighty, berserking, resistant, flayed, strong-willed, sick,
regenerating, lightly drained
A: horns 2, retaliatory headbutt, subdued magic 1
}: 1/15 runes: decaying
a: Renounce Religion, Berserk, Trog's Hand, Brothers in Arms


You were on level 6 of the Abyss.
You worshipped Trog.
Trog was extremely pleased with you.
You visited 6 branches of the dungeon, and saw 29 of its levels.
You visited the Abyss 1 time.

You collected 2607 gold pieces.
You spent 968 gold pieces at shops.

Inventory:

Hand Weapons
 a - a +6 antimagic battleaxe (weapon)
 b - the +8 war axe of Circularity {flame, rElec Int+3}
   (You found it on level 4 of the Lair of Beasts)

   Int:       It affects your intelligence (+3).
   rElec:     It insulates you from electricity.
 h - a +5 heavy battleaxe
Missiles
 e - 9 boomerangs of dispersal
 m - 245 stones (quivered)
 O - 2 throwing nets {!f}
Armour
 x - a +2 cloak (worn)
 E - a +2 pair of gloves of dexterity (worn)
 H - a +1 hat (worn)
 N - the +2 ring mail "Akhiusoe" {rF+ rCorr Int+4 Dex+3}
   (You found it on level 2 of the Lair of Beasts)

   Int:       It affects your intelligence (+4).
   Dex:       It affects your dexterity (+3).
   rF:        It protects you from fire.
   rCorr:     It protects you from acid and corrosion.
 P - a +1 pair of boots (worn)
 X - +0 swamp dragon scales (worn)
Jewellery
 d - an amulet of guardian spirit (around neck)
 o - a +5 ring of evasion (left hand)
 G - a ring of resist corrosion (right hand)
Wands
 q - a wand of flame (13)
 v - a wand of quicksilver (10)
 B - a wand of polymorph (17)
 C - a wand of roots (38)
 D - a wand of paralysis (41)
 K - a wand of digging (10)
 Z - a wand of mindburst (12)
Scrolls
 c - 8 scrolls of magic mapping
 i - a scroll of blinking
 j - 4 scrolls of immolation
 k - a scroll of summoning
 l - 5 scrolls of identify {@r1}
 p - 5 scrolls of silence
 s - a scroll of fear
 t - a scroll of fog
 u - 14 scrolls of teleportation
 F - 2 scrolls of enchant armour
 L - a scroll of poison
Potions
 g - 5 potions of cancellation
 n - 2 potions of magic
 r - a potion of ambrosia
 w - 10 potions of lignification
 z - 3 potions of flight
 Q - 2 potions of resistance
 S - 7 potions of curing {@q1}
 T - a potion of invisibility
 U - a potion of might
 V - 6 potions of mutation
Miscellaneous
 f - a box of beasts
 y - a phial of floods
 I - a condenser vane


   Skills:
 * Level 20.6 Fighting
 O Level 27 Axes
 + Level 13.7 Armour
 - Level 7.4 Dodging
 - Level 6.8 Evocations


You had 16 spell levels left.
You didn't know any spells.
Your spell library was empty.

Dungeon Overview and Level Annotations

Branches:
Dungeon (15/15)            Temple (0/1) D:6            Lair (5/5) D:8
  Swamp (4/4) Lair:2       Spider (1/4) Lair:3        Slime (0/5) Lair:4
    Orc (2/2) D:10            Elf (2/3) Orc:2        Vaults (0/5) D:14
 Depths (0/4) D:15

Altars:
Cheibriados
Dithmenos
Fedhas
Vehumet
Xom
Yredelemnul
Jiyva

Shops:
D:10 ?([!   Orc:2 [(([   Elf:1 (   Elf:2 *

Annotations:
Swamp:1 2 transporters, exclusion: obsidian statue
Swamp:4 exclusion: 3 oklob plants
Elf:1 6 runed translucent doors


Innate Abilities, Weirdness & Mutations

You have a pair of horns on your head.
You reflexively headbutt those who attack you in melee.
Your spells are a little easier to cast, but a little less powerful.


Message History

You hear a shout!
The raiju closely misses you. The lich touches you!
* * * LOW HITPOINT WARNING * * *
You feel drained.
You slice the lich!!
You destroy the lich!
Trog accepts your kill.
Trog appreciates your killing of a magic user.
You barely miss the raiju. You slice the raiju!!
You kill the raiju!
Trog accepts your kill.
You hit the starcursed mass.
You cut the starcursed mass into ribbons!!!
You destroy the starcursed mass!
Trog accepts your kill.
The starcursed mass shudders and is absorbed by its neighbour.
A starcursed mass splits.
You slice the raiju!!
The raiju's magic leaks into the air.
Your headbutt misses the raiju.
The raiju is severely wounded.
You slash the raiju!
The raiju's magic leaks into the air.
You slice the starcursed mass!!
The starcursed mass shudders and is absorbed by its neighbour.
A cacophony of accursed wailing tears at your sanity!
* * * LOW HITPOINT WARNING * * *
You suddenly lose the ability to move!
The raiju bites you but does no damage. x2; A starcursed mass splits. x2
The starcursed mass touches you.
* * * LOW HITPOINT WARNING * * *
A starcursed mass splits.
The raiju bites you.
* * * LOW HITPOINT WARNING * * *
The raiju shocks you. You resist.
* * * LOW HITPOINT WARNING * * *
The raiju bites you but does no damage.
A cacophony of accursed wailing tears at your sanity!
* * * LOW HITPOINT WARNING * * *
You shrug off the repeated paralysis!
The starcursed mass touches you!
You die...

#. . #. #X..#
######. #.###
....... #
....... #.#
......X .#
....XXX ####.#
...XXXX#X.X#.#
....XXh@##. 3#
....XhhW.###.#
.°○○R.X.##
§§3. °........
###.#
......... .#
######.### #
#. #.


You could see 13 starcursed masses, a flayed ghost, a large abomination, an
efreet and 3 raiju.

Vanquished Creatures
  A Hell Sentinel (Abyss:2)
  Mlioglotl (Spider:1)
  A lich (Abyss:6)
  Kirke (Lair:4)
  3 thorn hunters (Swamp:4)
  A ghost moth (Spider:1)
  2 deep elf demonologists (Elf:1)
  A stone giant (D:15)
  3 very ugly things (Abyss:5)
  2 vampire knights
  2 deep elf annihilators (Elf:1)
  3 bunyips (Swamp:2)
  7 eleionomae
  A starcursed mass (Abyss:6)
  A blizzard demon (Abyss:5)
  Josephine (Orc:1)
  2 deep elf high priests (Elf:1)
  A shambling mangrove (Swamp:4)
  Harold (Lair:2)
  17 hydras
  An ogre mage (D:15)
  A spriggan air mage (Swamp:3)
  A jorogumo (Spider:1)
  3 catoblepae
  2 centaur warriors (D:15)
  7 two-headed ogres
  2 ghost crabs
  A merfolk avatar (Lair:5)
  12 alligators
  3 boulder beetles
  5 dancing weapons (Elf:1)
  2 tengu warriors (D:15)
  4 death yaks (Lair:5)
  6 deep elf knights (Elf:1)
  3 spriggan berserkers (Swamp:3)
  3 skysharks (Lair:5)
  A sixfirhy (Abyss:6)
  5 goliath frogs
  A sea snake (Lair:5)
  A shadow wraith (D:14)
  11 spriggan druids
  11 swamp dragons
  A death drake (Swamp:1)
  2 spectral hydras (Swamp:4)
  An orb spider (Spider:1)
  4 bog bodies
  A wizard (D:14)
  9 deep elf archers (Elf:1)
  A phantasmal warrior (Swamp:4)
  11 deep elf zephyrmancers (Elf:1)
  The ghost of noone the Digger, a novice GrEE of Vehumet (D:8)
  14 deep elf pyromancers
  A steelbarb worm (Spider:1)
  A harpy (Lair:5)
  4 orc knights
  5 orc sorcerers
  13 ugly things
  2 will-o-the-wisps
  5 cyclopes
  A moth of wrath (Spider:1)
  A manticore (Lair:5)
  7 black mambas
  An elephant (Lair:5)
  A smoke demon (Abyss:5)
  3 gargoyles
  2 demonic crawlers (Spider:1)
  2 torpor snails (Lair:5)
  12 cane toads
  3 freezing wraiths (Swamp:4)
  Maggie (D:8)
  A kobold demonologist (D:12)
  5 rime drakes
  An ancient zyme (Abyss:6)
  14 komodo dragons
  2 unseen horrors
  2 trolls
  5 polar bears
  7 tyrant leeches
  Prince Ribbit (D:5)
  A death drake zombie (Swamp:4)
  3 hydra skeletons (Swamp:4)
  10 blink frogs
  A hydra zombie (Swamp:4)
  A hornet (shapeshifter) (D:14)
  27 hornets
  4 raiju
  5 tarantellas (Spider:1)
  4 dream sheep (Lair:4)
  A blink frog (shapeshifter) (D:14)
  A death drake skeleton (Swamp:4)
  3 air elementals
  Sigmund (D:3)
  7 slime creatures
  A shadow (D:9)
  19 spriggans
  2 culicivoras (Spider:1)
  8 wraiths
  2 ynoxinuls
  57 yaks
  3 wyverns
  4 basilisks
  4 vampires
  Eustachio (D:6)
  2 water elementals (Elf:1)
  7 hogs (Lair:4)
  4 fire elementals (Elf:1)
  2 golden eyes (Abyss:6)
  4 steam dragons
  Grum (D:8)
  7 redbacks
  9 vampire mosquitoes
  A neqoxec (Abyss:6)
  2 wargs
  7 water moccasins
  13 swamp worms
  Duvessa (D:4)
  4 hydra simulacra (Swamp:4)
  40 orc warriors
  An ice beast (D:5)
  3 swamp drakes
  A sky beast (D:8)
  3 swamp dragon zombies (Swamp:4)
  3 black bears
  4 ogres
  16 centaurs
  A swamp dragon skeleton (Swamp:4)
  11 wolves
  Blork the orc (D:4)
  3 kobold brigands
  14 bullfrogs
  3 gnoll sergeants
  An earth elemental (Elf:1)
  3 scorpions
  3 wights (D:9)
  Dowan (D:4)
  13 killer bees
  2 howler monkeys
  3 electric eels
  3 hounds
  A jelly (D:5)
  Crazy Yiuf (D:3)
  17 orc priests
  A sleepcap (D:5)
  3 iguanas
  Ijyb (D:5)
  20 orc wizards
  Natasha (thrice) (D:4)
  4 hell rats (Lair:2)
  Robin (D:2)
  15 gnolls
  14 adders
  2 worms
  66 orcs
  6 bats
  6 endoplasms
  3 giant cockroaches
  7 goblins (D:2)
  9 hobgoblins
  5 jackals
  3 quokkas
  6 ball pythons
  A frilled lizard (D:2)
  24 kobolds
  9 rats
  4 briar patches (Swamp:4)
  2 spectral weapons
  A starspawn tentacle (Abyss:5)
888 creatures vanquished.

Vanquished Creatures (collateral kills)
  A dancing weapon (Elf:1)
  A thrashing horror (Abyss:5)
  A sea snake (Lair:5)
  A swamp dragon (Swamp:2)
  A smoke demon (Abyss:5)
  A raiju (Abyss:5)
  A neqoxec (Abyss:5)
  A large abomination (Abyss:5)
  An orc warrior (Orc:2)
  A starspawn tentacle (Abyss:5)
10 creatures vanquished.

Vanquished Creatures (others)
  A deep elf knight (Elf:1)
  A bloated husk (Swamp:2)
  3 water elementals (Elf:1)
  An orc warrior (Orc:2)
  A swamp drake (Swamp:3)
  2 centaurs (Orc:2)
  An orc wizard (Elf:1)
  An orc (Elf:1)
  2 briar patches (Swamp:4)
  8 foxfires (Swamp:4)
  57 fungi
  82 plants
160 creatures vanquished.

Grand Total: 1058 creatures vanquished

Notes
Turn   | Place    | Note
-------+----------+-------------------------------------------
     0 | D:1      | Megalobster the Minotaur Berserker began the quest for the
                  | Orb.
     0 | D:1      | Reached XP level 1. HP: 19/19 MP: 0/0
    63 | D:1      | Reached skill level 4 in Axes
   131 | D:1      | Reached XP level 2. HP: 22/26 MP: 1/1
   673 | D:1      | Reached skill level 5 in Axes
   950 | D:2      | Noticed Robin
   953 | D:2      | Reached ** piety under Trog
   954 | D:2      | Reached XP level 3. HP: 28/31 MP: 2/2
   963 | D:2      | Killed Robin
  1532 | D:3      | Reached skill level 6 in Axes
  1532 | D:3      | Reached XP level 4. HP: 37/39 MP: 1/3
  2189 | D:3      | Noticed Sigmund
  2200 | D:3      | Killed Sigmund
  2201 | D:3      | Reached skill level 8 in Axes
  2201 | D:3      | Reached XP level 5. HP: 45/45 MP: 1/4
  2305 | D:3      | Found a runed translucent door.
  2306 | D:3      | Noticed Crazy Yiuf
  2313 | D:3      | Killed Crazy Yiuf
  2314 | D:3      | Reached XP level 6. HP: 49/51 MP: 1/5
  2531 | D:4      | Noticed Natasha
  2545 | D:4      | Killed Natasha
  2734 | D:4      | Noticed Duvessa
  2734 | D:4      | Noticed Dowan
  2740 | D:4      | Killed Dowan
  2746 | D:4      | Killed Duvessa
  2747 | D:4      | Reached skill level 9 in Axes
  2897 | D:4      | Reached XP level 7. HP: 55/57 MP: 6/6
  2957 | D:4      | Noticed Natasha
  2964 | D:4      | Killed Natasha
  3115 | D:4      | Noticed Natasha
  3123 | D:4      | Killed Natasha
  3124 | D:4      | Reached skill level 10 in Axes
  3306 | D:4      | Noticed Blork the orc
  3318 | D:4      | Killed Blork the orc
  3502 | D:4      | Reached skill level 11 in Axes
  3521 | D:5      | Entered Level 5 of the Dungeon
  3555 | D:5      | Noticed Ijyb
  3569 | D:5      | Killed Ijyb
  3724 | D:5      | Reached XP level 8. HP: 64/64 MP: 7/7
  3777 | D:5      | Noticed Prince Ribbit
  3786 | D:5      | Killed Prince Ribbit
  3787 | D:5      | Reached skill level 12 in Axes
  4095 | D:5      | Found a shimmering altar of Xom.
  4288 | D:5      | Reached skill level 5 in Armour
  4597 | D:6      | Found a snail-covered altar of Cheibriados.
  4597 | D:6      | Noticed Eustachio
  4612 | D:6      | Killed Eustachio
  4613 | D:6      | Reached skill level 13 in Axes
  4781 | D:6      | Found a staircase to the Ecumenical Temple.
  4796 | D:6      | Reached *** piety under Trog
  4797 | D:6      | Reached XP level 9. HP: 57/70 MP: 8/8
  5333 | D:6      | Identified the +0 plate armour of the Lizard {Dex+6}
  5665 | D:7      | Reached skill level 14 in Axes
  6259 | D:7      | Found a radiant altar of Vehumet.
  6287 | D:7      | Reached skill level 15 in Axes
  6566 | D:8      | Reached XP level 10. HP: 57/77 MP: 5/9
  6766 | D:8      | Found a runed translucent door.
  6768 | D:8      | Noticed noone's ghost (novice GrEE)
  6777 | D:8      | Killed noone's ghost
  6868 | D:8      | Found a transporter.
  6888 | D:8      | Found a transporter.
  6927 | D:8      | Reached **** piety under Trog
  6928 | D:8      | Reached skill level 16 in Axes
  7012 | D:8      | Noticed Grum
  7030 | D:8      | Killed Grum
  7394 | D:8      | Noticed Maggie
  7403 | D:8      | Killed Maggie
  7495 | D:8      | Found a staircase to the Lair.
  7925 | D:9      | Reached skill level 17 in Axes
  7927 | D:9      | Reached skill level 10 in Armour
  8129 | D:9      | Found a basalt altar of Yredelemnul.
  8185 | D:9      | Noticed a two-headed ogre
  8197 | D:9      | Killed a two-headed ogre
  8198 | D:9      | Reached XP level 11. HP: 36/82 MP: 3/10
  8541 | D:10     | Entered Level 10 of the Dungeon
  8697 | D:10     | Found Jodayd's Distillery.
  8723 | D:10     | Bought a potion of curing for 42 gold pieces
  8723 | D:10     | Bought a potion of invisibility for 112 gold pieces
  8723 | D:10     | Bought 2 potions of curing for 84 gold pieces
  8756 | D:10     | Found a shadowy altar of Dithmenos.
  8774 | D:10     | Reached skill level 18 in Axes
  8838 | D:10     | Found Oxkaur's Antique Armour Emporium.
  8917 | D:10     | Found Ylufun's Magic Scroll Shop.
  9107 | D:10     | Found Xappot's Antique Weapon Emporium.
  9331 | D:10     | Found a staircase to the Orcish Mines.
  9340 | D:10     | Reached ***** piety under Trog
  9859 | D:11     | Reached skill level 5 in Fighting
 10477 | Lair:1   | Entered Level 1 of the Lair of Beasts
 10660 | Lair:1   | Reached skill level 19 in Axes
 11549 | Lair:2   | Noticed Harold
 11616 | Lair:2   | Killed Harold
 11670 | Lair:2   | Identified the +2 ring mail "Akhiusoe" {rF+ rCorr Int+4
                  | Dex+3}
 11745 | Lair:2   | Reached XP level 12. HP: 92/100 MP: 9/11
 11805 | Lair:2   | Reached skill level 20 in Axes
 11821 | Lair:2   | Received a gift from Trog
 11958 | Lair:2   | Identified the +1 dagger of the Hierophant {heavy, rF-
                  | Int+5 Stlth+}
 12403 | Lair:2   | Found a staircase to the Swamp.
 13230 | Lair:3   | Reached skill level 21 in Axes
 13473 | Lair:3   | Found a hole to the Spider Nest.
 13790 | Lair:3   | Noticed a four-headed hydra
 13797 | Lair:3   | Killed a one-headed hydra
 14339 | Lair:4   | Reached skill level 22 in Axes
 14343 | Lair:4   | Noticed Kirke
 14360 | Lair:4   | Killed Kirke
 14563 | Lair:4   | Noticed a four-headed hydra
 14568 | Lair:4   | Killed a two-headed hydra
 14711 | Lair:4   | Reached XP level 13. HP: 93/105 MP: 12/12
 14817 | Lair:4   | Reached skill level 23 in Axes
 14862 | Lair:4   | Found a viscous altar of Jiyva.
 14863 | Lair:4   | Found a staircase to the Slime Pits.
 15583 | Lair:4   | Identified the +8 war axe of Circularity {flame, rElec
                  | Int+3}
 15729 | Lair:5   | Entered Level 5 of the Lair of Beasts
 16083 | Lair:5   | Reached skill level 24 in Axes
 16297 | Lair:5   | Received a gift from Trog
 16797 | Lair:5   | Reached skill level 25 in Axes
 17340 | Lair:5   | Reached XP level 14. HP: 81/113 MP: 6/13
 17440 | Lair:5   | Reached skill level 1 in Evocations
 17903 | D:10     | Bought a scroll of enchant weapon for 105 gold pieces
 17903 | D:10     | Bought a scroll of blinking for 105 gold pieces
 17971 | D:10     | Bought a pair of glowing gloves for 232 gold pieces
 18029 | Orc:1    | Entered Level 1 of the Orcish Mines
 18395 | Orc:2    | Entered Level 2 of the Orcish Mines
 18395 | Orc:2    | Noticed Josephine
 18395 | Orc:2    | Found Godeas's Armour Boutique.
 18414 | Orc:1    | Killed Josephine
 18524 | Orc:2    | Found a staircase to the Elven Halls.
 19201 | Orc:2    | Reached ****** piety under Trog
 19210 | Orc:2    | Reached skill level 26 in Axes
 19867 | Orc:2    | Found Vechoyse's Weapon Shop.
 19867 | Orc:2    | Found Oxathro's Antique Weapon Shoppe.
 19869 | Orc:2    | Found Xeis's General Store.
 19871 | Orc:2    | Found Geodd's Armour Boutique.
 19885 | Orc:2    | Bought the +0 pair of gloves of the Harvest Moon {Drain
                  | rPois Int+7} for 248 gold pieces
 19885 | Orc:2    | Bought a +0 hat for 40 gold pieces
 20042 | Orc:1    | Identified the +7 battleaxe of the Mosquito {heavy, Will+}
                  | (Trog gifted it to you on level 1 of the Orcish Mines)
 20042 | Orc:1    | Received a gift from Trog
 20333 | D:12     | Reached skill level 5 in Dodging
 21055 | D:13     | Identified the +8 sling of Yluti {freeze, Int+5}
 22499 | D:14     | Found a gate to the Vaults.
 22817 | D:15     | Entered Level 15 of the Dungeon
 23212 | D:15     | Reached XP level 15. HP: 122/123 MP: 14/14
 23352 | D:15     | Reached skill level 5 in Evocations
 23437 | D:15     | HP: 6/123 [catoblepas (4)]
 23744 | D:15     | Paralysed by an ogre mage for 2 turns
 24348 | D:15     | Reached skill level 27 in Axes
 24382 | D:15     | Found a staircase to the Depths.
 24819 | D:15     | Received a gift from Trog
 25353 | Swamp:1  | Entered Level 1 of the Swamp
 25360 | Swamp:1  | Reached skill level 10 in Fighting
 26378 | Swamp:1  | Found a transporter.
 26380 | Swamp:1  | Noticed a fenstrider witch
 26390 | Swamp:1  | Found a transporter.
 27725 | Swamp:2  | You fall into a shaft and drop 1 floor!
 28599 | Swamp:2  | Identified the +7 battleaxe "Sotaox" {heavy, *Corrode rC++
                  | rN+ Stlth+} (Trog gifted it to you on level 2 of the Swamp)
 28599 | Swamp:2  | Received a gift from Trog
 28917 | Swamp:2  | Reached XP level 16. HP: 59/143 MP: 4/15
 30686 | Swamp:4  | Entered Level 4 of the Swamp
 30781 | Swamp:3  | Reached skill level 15 in Fighting
 31909 | Swamp:4  | Received a gift from Trog
 32643 | Swamp:4  | Noticed a thorn hunter
 32654 | Swamp:4  | Killed a thorn hunter
 32687 | Swamp:4  | Noticed a thorn hunter
 32688 | Swamp:4  | Noticed a thorn hunter
 32694 | Swamp:4  | Found a blossoming altar of Fedhas.
 32705 | Swamp:4  | Killed a thorn hunter
 32706 | Swamp:4  | Killed a thorn hunter
 33390 | Swamp:4  | Found a basalt altar of Yredelemnul.
 33402 | Swamp:4  | Got a decaying rune of Zot
 34049 | Spider:1 | Entered Level 1 of the Spider Nest
 34183 | Spider:1 | Noticed Mlioglotl
 34192 | Spider:1 | Killed Mlioglotl
 34855 | Spider:1 | Reached XP level 17. HP: 166/166 MP: 16/16
 35186 | Elf:1    | Entered Level 1 of the Elven Halls
 35283 | Elf:1    | Paralysed by an air elemental for 1 turns
 35327 | Elf:1    | Paralysed by an air elemental for 1 turns
 35668 | Elf:1    | Received a gift from Trog
 36198 | Elf:1    | Found Zeewn's Antique Weapon Boutique.
 36536 | Elf:1    | Identified the +7 morningstar of Extinguishment {drain,
                  | Int+3}
 36557 | Elf:1    | Found a runed translucent gate.
 36557 | Elf:1    | Found a runed translucent gate.
 36557 | Elf:1    | Found a runed translucent gate.
 36557 | Elf:1    | Found a runed translucent gate.
 36557 | Elf:1    | Found a runed translucent gate.
 36580 | Elf:1    | Found a runed translucent gate.
 37163 | Elf:2    | Found Fatoh's General Store.
 37165 | Abyss:2  | Cast into level 2 of the Abyss (a deep elf sorcerer)
 37171 | Abyss:2  | Noticed a Hell Sentinel
 37210 | Abyss:2  | Killed a Hell Sentinel
 37283 | Abyss:3  | Found a corrupted altar of Lugonu.
 37296 | Abyss:4  | Noticed a bone dragon
 37356 | Abyss:5  | Found a corrupted altar of Lugonu.
 37358 | Abyss:5  | Gained mutation: Your spells are a little easier to cast,
                  | but a little less powerful. [a neqoxec]
 37442 | Abyss:6  | Noticed a lich
 37450 | Abyss:6  | Killed a lich
 37452 | Abyss:6  | Paralysed by accursed screaming for 2 turns
 37454 | Abyss:6  | HP: 1/256 [starcursed mass/accursed screaming (13)]
 37454 | Abyss:6  | Mangled by a starcursed mass

Illustrated notes

Levels and vault maps discovered:
D:1:      ncdulo_halloftheorcs, layout_basic
D:2:      layout_basic, minmay_fountain_box, uniq_robin
D:3:      layout_loops_corners, uniq_crazy_yiuf_cottage, uniq_sigmund
D:4:      wander_river, layout_loops_cross, serial_aquarium,
          aquarium_bridge_straight [aquarium_subvault_bridge,
          aquarium_subvault_window, aquarium_subvault_bridge,
          aquarium_subvault_balcony], aquarium_bridge_long_separate
          [aquarium_subvault_bridge, aquarium_subvault_bridge,
          aquarium_subvault_wall, aquarium_subvault_bridge,
          aquarium_subvault_window, aquarium_subvault_window],
          aquarium_window_fake, aquarium_window_corner, aquarium_window_corner,
          aquarium_window_2, aquarium_view_2b, aquarium_view_2c,
          aquarium_pool_side, grunt_tough_drop, uniq_natasha,
          uniq_blork_the_orc, uniq_duvessa
D:5:      layout_loops_ring, xom_teletrap_fun, dreamdust_mushroom_princess,
          uniq_ijyb, uniq_prince_ribbit1
D:6:      layout_basic, mainiacjoe_overflow_catwalk,
          minmay_temple_entry_sparse_star, nicolae_hexahallways,
          hangedman_abyss_or_decor_passed, uniq_eustachio
D:7:      layout_basic, mainiacjoe_overflow_alcove_1
D:8:      gammafunk_steamed_eel, layout_loops_ring, lair_entry_dummy,
          hellmonk_ghost_big_iron, nicolae_elevator_lobby_asterisk, uniq_grum,
          uniq_maggie
D:9:      layout_rooms, nicolae_overflow_hidden_temple
D:10:     layout_cave_pools, grunt_dithmenos_smoke_and_mirrors,
          david_orc_1_choice, serial_shops, nicolae_shop_behind_doors, shop,
          nicolae_shop_waterfront, nicolae_lakefront_shop
D:11:     layout_loops_cross
D:12:     layout_small_grid
D:13:     layout_layer_cave
D:14:     layout_basic, david_vaults_4, hangedman_decor_clover_reticule
D:15:     grunt_enter_depths_snipers, layout_loops_corners, dreamdust_wasp_nest
Lair:1:   layout_chaotic_city
Lair:2:   layout_small_grid, skrybe_swamp_entry_bodies, uniq_harold
Lair:3:   layout_cave_pods, spider_nest_entry_webs, serial_bayou_shore_b
Lair:4:   layout_hall_layers, slime_entry_1, grunt_megastairs_4, uniq_kirke
Lair:5:   gammafunk_lair_ancient_temple, layout_regular_city
Swamp:1:  gammafunk_sealed_arena, layout_basic_swamp, nicolae_swamp_small_spring
Swamp:2:  layout_falls_marsh, nicolae_swamp_ascending_descending_big,
          swamp_pool2, nicolae_swamp_stuck_in_the_mud
Swamp:3:  layout_falls_marsh, nicolae_swamp_tree_isthmus, swamp_pool4
Swamp:4:  byrel_swamp_growth_death_and_undeath, layout_basic_swamp, swamp_pool4
Spider:1: layout_spider_delve, gammafunk_ghost_mausoleum, uniq_mlioglotl
Orc:1:    layout_diamond_mine
Orc:2:    st_orc_rangers, layout_caves, serial_shops, nicolae_shop_mannequins,
          uniq_josephine
Elf:1:    eino_elf_arrival_customs, layout_gridlike, serial_shops,
          nicolae_square_shop, orc_legates, drop_trap
Elf:2:    elven_hall_of_blades_hangedman_original [grunt_blade_entry_basic],
          layout_loops_corners, serial_shops, shop, shop,
          nicolae_shop_statue_plus
Abyss:6:  base: Swamp:3, base: D:12, bh_silent_lugonu_exit,
          evilmike_abyss_rune_tso_outpost, evilmike_abyss_exit_10

Skill      XL: |  1  2  3  4  5  6  7  8  9 10 11 12 13 14 15 16 17 |
---------------+----------------------------------------------------+-----
Axes           | 4 5 6 8 9 11 13 15 17 19 22 25 26 27 | 27.0
Armour         | 5 8 10 11 13 | 13.7
Fighting       | 7 8 13 18 20 | 20.6
Evocations     | 4 6 |  6.8
Dodging        | 6 7 |  7.4

Action                     |  1- 3 |  4- 6 |  7- 9 | 10-12 | 13-15 | 16-18 || total
---------------------------+-------+-------+-------+-------+-------+-------++-------
  Melee: Hand axe          |    87 |    25 |    14 |       |       |       ||   126
         Headbutt          |    13 |     8 |    43 |    79 |   148 |    99 ||   390
         Punch             |     2 |     1 |     1 |     4 |     3 |       ||    11
         Flail             |       |    31 |       |       |       |       ||    31
         Dagger            |       |    12 |   118 |     6 |       |       ||   136
         War axe           |       |       |    62 |   315 |   395 |   125 ||   897
         Battleaxe         |       |       |       |   101 |   330 |   319 ||   750
         Unarmed           |       |       |       |     2 |       |       ||     2
 Invoke: Berserk           |     3 |     4 |     3 |     3 |     9 |    20 ||    42
         Trog's Hand       |       |     2 |     2 |     1 |     1 |    12 ||    18
         Brothers in Arms  |       |       |       |       |     1 |     1 ||     2
  Evoke: Wand              |       |       |       |       |     2 |    50 ||    52
         Phial of floods   |       |       |       |       |       |     2 ||     2
         Condenser vane    |       |       |       |       |       |     2 ||     2
         Box of beasts     |       |       |       |       |       |     1 ||     1
    Use: Scroll            |       |       |     6 |     8 |    27 |    13 ||    54
         Potion            |       |       |       |       |    15 |    20 ||    35
   Stab: Invisible         |       |       |       |       |    12 |    10 ||    22
         Paralysed         |       |       |       |       |       |     1 ||     1
 Armour: Animal skin       |     9 |       |       |       |       |       ||     9
         Ring mail         |    19 |    15 |    20 |       |   291 |    10 ||   355
         Robe              |       |       |    26 |    83 |     6 |       ||   115
         Swamp dragon scal |       |       |       |       |       |   219 ||   219
  Dodge: Dodged            |    38 |    44 |   161 |   258 |   707 |   411 ||  1619
